 Dungeon Crawl Stone Soup version 0.27-a0-633-gc6addc0a40 (webtiles) character file.

Game seed: 11381163083305769000

547 shoop the Chopper (level 7, -7/60 HPs)
             Began as a Palentonga Abyssal Knight on Mar 13, 2021.
             Was a Believer of Lugonu.
             Splashed by a jelly's acid (9 damage)
             ... on level 6 of the Dungeon.
             The game lasted 00:08:28 (6389 turns).

shoop the Chopper (Palentonga Abyssal Knight)       Turns: 6389, Time: 00:08:29

Health: -7/60      AC:  2    Str: 17    XL:     7   Next: 7%
Magic:  8/8        EV:  6    Int: 12    God:    Lugonu [**....]
Gold:   281        SH:  0    Dex: 13    Spells: 6/6 levels left

rFire    . . .     SeeInvis +   a - +1 hand axe
rCold    . . .     Faith    .   (no shield)
rNeg     . . .     Spirit   .   v - +0 ring mail of Sozukhaw {Dex+3}
rPois    .         Reflect  .   t - +1 hat
rElec    .         Harm     .   (no cloak)
rCorr    .         Rampage  .   (no gloves)
Will     .....                  n - +0 barding
Stlth    +.........             (no amulet)
HPRegen  0.20/turn              (no ring)
MPRegen  0.11/turn              (no ring)

@: corroded, curled up
A: large, rugged brown scales 3, see invisible, deformed body, roll 1, armoured
tail, reflexive curl
a: Rolling Charge, Renounce Religion, Depart the Abyss, Bend Space


You were on level 6 of the Dungeon.
You worshipped Lugonu.
Lugonu was pleased with you.
You visited 1 branch of the dungeon, and saw 6 of its levels.
You visited the Abyss 1 time.

You collected 281 gold pieces.

Inventory:

Hand Weapons
 a - a +1 hand axe (weapon)
 q - a +0 war axe
Armour
 b - a +0 leather armour
 i - a +0 ring mail
 n - a +0 barding (worn)
 r - a +0 leather armour of cold resistance
 t - a +1 hat (worn)
 v - the +0 ring mail of Sozukhaw (worn) {Dex+3}
   (You found it on level 5 of the Dungeon)

   It affects your dexterity (+3).
Wands
 c - a wand of mindburst (8)
 l - a wand of polymorph (4)
 w - a wand of random effects (12)
Scrolls
 d - a scroll of fear {unknown}
 f - 2 scrolls of magic mapping {unknown}
 g - 5 scrolls of teleportation
 j - 4 scrolls of identify {unknown}
 m - 3 scrolls of noise {unknown}
 u - a scroll of amnesia {unknown}
Potions
 e - 2 potions of flight {unknown}
 h - 2 potions of degeneration {unknown}
 k - 3 potions of lignification {unknown}
 o - 2 potions of might {unknown}
 p - 3 potions of heal wounds {unknown}
 s - 2 potions of curing {unknown}
 x - a potion of attraction {unknown}


   Skills:
 - Level 3.1 Fighting
 + Level 7.3 Axes
 - Level 1.5 Armour
 - Level 0.7 Dodging
 - Level 2.0 Invocations
 - Level 2.0 Evocations


You had 6 spell levels left.
You didn't know any spells.
Your spell library contained the following spells:

 Spells                   Type           Power      Damage    Failure   Level
 Magic Dart               Conj           0%         1d3       52%         1
 Blink                    Tloc           N/A        N/A       65%         2
 Call Imp                 Summ           0%         N/A       65%         2
 Slow                     Hex            0%         N/A       65%         2
 Conjure Flame            Conj/Fire      0%         6-21      87%         3
 Mephitic Cloud           Conj/Pois/Air  0%         N/A       87%         3


Dungeon Overview and Level Annotations

Branches:
Dungeon (6/15)             Temple (0/1) D:4

Altars:
Ashenzari

Annotations:
D:5 3 runed translucent doors, Cheivey's ghost, novice DsFi


Innate Abilities, Weirdness & Mutations

You are completely covered in rugged brown scales. (AC +3, +7% HP)
You have supernaturally acute eyesight. (SInv)
Armour fits poorly on your strangely shaped body.
You can roll at nearby foes to attack.
You have a long armoured tail.
You curl defensively after being hit.


Message History

The jelly is severely wounded.
The jelly hits you but does no damage.
You hit the jelly but do no damage. The acid corrodes you!
Your hands burn!
You tail-slap the jelly, but do no damage.
The jelly is severely wounded.
The jelly hits you.
You are splashed with acid!
You are too injured to fight recklessly!
You are too injured to fight recklessly!
You are too injured to fight recklessly!
You are too injured to fight recklessly!
You are too injured to fight recklessly!
You are too injured to fight recklessly!
You are too injured to fight recklessly!
You are too injured to fight recklessly!
You are too injured to fight recklessly!
You are too injured to fight recklessly!
You are too injured to fight recklessly!
You are too injured to fight recklessly!
You are too injured to fight recklessly!
You are too injured to fight recklessly!
You are too injured to fight recklessly!
A jelly is nearby!
You are too injured to fight recklessly!
You hit the jelly.
Your hands burn!
The jelly is almost dead.
You hit the jelly but do no damage. The acid corrodes you!
Your hands burn!
* * * LOW HITPOINT WARNING * * *
You tail-slap the jelly, but do no damage.
The jelly is almost dead.
The jelly hits you.
* * * LOW HITPOINT WARNING * * *
You are splashed with acid!
* * * LOW HITPOINT WARNING * * *
You hit the jelly but do no damage.
Your hands burn!
* * * LOW HITPOINT WARNING * * *
The jelly is almost dead.
The jelly hits you.
* * * LOW HITPOINT WARNING * * *
You are splashed with acid!
You die...

#######.##.##
#............
###.#####.#####
####...#
#......
..##.###
####### #.##.#
#.##.# #J##.#
#@##.# #.##.#
#.##.# #....#
######


You could see a jelly.

Vanquished Creatures
  2 scorpions (D:4)
  A howler monkey (D:4)
  A bullfrog skeleton (D:4)
  2 hounds (D:4)
  Terence (D:3)
  3 iguanas
  A worker ant (D:4)
  6 gnolls (D:3)
  3 adders
  4 worms
  2 dart slugs
  3 leopard geckos
  4 orcs
  7 bats
  6 giant cockroaches
  9 goblins
  10 hobgoblins
  2 jackals (D:3)
  3 quokkas
  3 ball pythons
  5 frilled lizards
  A jackal skeleton (D:4)
  9 kobolds
  A leopard gecko skeleton (D:6)
  10 rats
99 creatures vanquished.

Notes
Turn   | Place    | Note
-------+----------+-------------------------------------------
     0 | Abyss:1  | shoop the Palentonga Abyssal Knight began the quest for the
                  | Orb.
     0 | Abyss:1  | Reached XP level 1. HP: 20/20 MP: 2/2
    51 | Abyss:2  | Noticed a chaos spawn
    56 | Abyss:2  | Noticed an ancient zyme
    65 | D:1      | Escaped the Abyss
   324 | D:1      | Reached XP level 2. HP: 26/27 MP: 3/3
   409 | D:1      | Reached skill level 1 in Evocations
   437 | D:1      | Reached * piety under Lugonu
  1177 | D:1      | Reached XP level 3. HP: 33/33 MP: 4/4
  1652 | D:2      | Reached skill level 3 in Axes
  2660 | D:3      | Reached XP level 4. HP: 37/40 MP: 5/5
  2680 | D:3      | Found a broken altar of Ashenzari.
  2849 | D:3      | Reached ** piety under Lugonu
  2850 | D:3      | Reached skill level 4 in Axes
  3248 | D:3      | Reached XP level 5. HP: 11/48 MP: 6/6
  3848 | D:3      | Noticed Terence
  3872 | D:3      | Killed Terence
  3873 | D:3      | Reached skill level 5 in Axes
  4236 | D:4      | Reached XP level 6. HP: 37/54 MP: 7/7
  4386 | D:4      | Reached skill level 6 in Axes
  5041 | D:4      | Found a staircase to the Ecumenical Temple.
  5401 | D:5      | Entered Level 5 of the Dungeon
  5421 | D:4      | Reached skill level 7 in Axes
  5463 | D:5      | Identified the +0 ring mail of Sozukhaw {Dex+3}
  5482 | D:5      | Gained mutation: You curl defensively after being hit.
                  | [Palentonga growth]
  5482 | D:5      | Reached XP level 7. HP: 23/60 MP: 8/8
  5882 | D:5      | Noticed Cheivey's ghost (novice DsFi)
  5929 | D:5      | Found a runed translucent gate.
  5929 | D:5      | Found a runed translucent gate.
  5929 | D:5      | Found a runed translucent gate.
  6176 | D:6      | Found Ysoatyse's Book Shoppe.
  6389 | D:6      | HP: 3/60 [acid (5)]
  6389 | D:6      | Splashed by a jelly's acid

Illustrated notes

Levels and vault maps discovered:
D:1:      lemuel_arrival_behind_the_door_small, layout_loops_corners
D:2:      layout_basic
D:3:      layout_loops_ring, lemuel_crystal_altar, uniq_terence
D:4:      layout_basic, temple_statues
D:5:      layout_cave_pools, gammafunk_ghost_icy
D:6:      layout_basic, zin_purify, serial_shops, shop

Skill      XL: |  1  2  3  4  5  6 |
---------------+-------------------+-----
Evocations     | 1 2 |  2.0
Axes           | 3 4 5 7 |  7.3
Fighting       | |  3.1
Armour         | |  1.5
Dodging        | |  0.7
Invocations    | |  2.0

Action                   |  1- 3 |  4- 6 |  7- 9 || total
-------------------------+-------+-------+-------++-------
Melee: Hand axe          |   142 |   180 |    22 ||   344
       Tailslap          |    13 |    13 |     6 ||    32
Invok: Depart the Abyss  |     1 |       |       ||     1
 Abil: Rolling Charge    |     1 |     8 |       ||     9
Evoke: Wand              |       |     5 |       ||     5
  Use: Scroll            |       |     1 |       ||     1
Armor: Leather armour    |    19 |    23 |       ||    42
       Ring mail         |    34 |    42 |    15 ||    91
Dodge: Dodged            |    59 |    50 |     4 ||   113

Table legend: (Time is in decaauts)
 A = Elapsed time spent in this place.
 B = Non-inter-level travel time spent in this place.
 C = Inter-level travel time spent in this place.
 D = Time resting spent in this place.
 E = Time spent auto-exploring this place.
 F = Levels seen in this place.
 G = Mean time per level.
                   A        B        C        D        E       F      G
               +--------+--------+--------+--------+--------+-----+--------+
         Total |   6417 |   6085 |    332 |    607 |   4648 |   8 |  802.1 |
       Dungeon |   6352 |   6020 |    332 |    607 |   4602 |   6 | 1058.7 |
         Abyss |     64 |     64 |      0 |      0 |     46 |   2 |   32.0 |
               +--------+--------+--------+--------+--------+-----+--------+

Top non-repeatable levels by time:
     D:3: 1720 daAuts
     D:4: 1456 daAuts
     D:1: 1258 daAuts
     D:2: 1150 daAuts
     D:5: 505 daAuts
     D:6: 260 daAuts
 Abyss:2: 33 daAuts
 Abyss:1: 31 daAuts
